 Dungeon Crawl Stone Soup version 0.27-a0-460-g297a19dbdb (webtiles) character file.

Game seed: 6643671028240214405

5796 Anon1729 the Cleaver (level 10, -2/90 HPs)
             Began as a Ghoul Fighter on Feb 28, 2021.
             Was a Follower of Makhleb.
             Slain by a komodo dragon (8 damage)
             ... while petrified by a basilisk
             ... on level 9 of the Dungeon.
             The game lasted 00:16:25 (13805 turns).

Anon1729 the Cleaver (Ghoul Fighter)               Turns: 13805, Time: 00:16:25

Health: -2/90      AC:  9    Str: 23    XL:     10   Next: 79%
Magic:  9/9        EV:  2    Int:  4    God:    Makhleb [*.....]
Gold:   579        SH:  0    Dex:  8    Spells: 9/9 levels left

rFire    . . .     SeeInvis .   A - +0 broad axe
rCold    + . .     Faith    .   c - +0 kite shield
rNeg     + + +     Spirit   .   b - +0 scale mail
rPois    ∞         Reflect  .   (no helmet)
rElec    .         Harm     .   H - +0 cloak
rCorr    .         Rampage  .   (no gloves)
Will     .....                  (no boots)
Stlth    ..........             (no amulet)
HPRegen  0.00/turn              (no ring)
MPRegen  0.11/turn              (no ring)

@: petrified
A: claws 1, cold resistance 1, negative energy resistance 3, inhibited
regeneration, torment resistance, unbreathing
a: Renounce Religion


You were on level 9 of the Dungeon.
You worshipped Makhleb.
Makhleb was aware of your devotion.
You visited 2 branches of the dungeon, and saw 10 of its levels.

You collected 579 gold pieces.

Inventory:

Hand Weapons
 a - a +0 war axe
 A - a +0 broad axe (weapon)
 C - a +0 whip
 D - a +0 spear
 E - the +9 short sword of Law {vorpal, MP-9 Int-3 Dex+5 SInv}
   (You found it on level 5 of the Dungeon)

   It inflicts extra damage upon your enemies.
   It affects your intelligence (-3).
   It affects your dexterity (+5).
   It affects your magic capacity (-9).
   It lets you see invisible.
 J - the +1 mace "Zarghogowk" {drain, rF+ rN+ Str+4}
   (You found it on level 6 of the Dungeon)

   A truly terrible weapon, it drains the life of those it strikes.
   It affects your strength (+4).
   It protects you from fire.
   It protects you from negative energy.
Missiles
 M - a curare-tipped dart (quivered)
 Q - 8 javelins
Armour
 b - a +0 scale mail (worn)
 c - a +0 kite shield (worn)
 H - a +0 cloak (worn)
Jewellery
 N - a +4 ring of protection
 O - a +6 ring of strength
 P - an amulet of regeneration
Wands
 w - a wand of paralysis (4)
 x - a wand of flame (19)
 y - a wand of random effects (15)
 I - a wand of polymorph (11)
Scrolls
 e - 3 scrolls of amnesia {unknown}
 g - 10 scrolls of identify {unknown}
 h - 4 scrolls of enchant weapon {unknown}
 i - 5 scrolls of teleportation {unknown}
 j - a scroll of fear {unknown}
 o - a scroll of immolation {unknown}
 p - 2 scrolls of enchant armour {unknown}
 q - a scroll of fog {unknown}
 r - a scroll of random uselessness {unknown}
 t - 2 scrolls of magic mapping {unknown}
 u - 2 scrolls of blinking {unknown}
 z - a scroll of vulnerability {unknown}
 G - a scroll of noise {unknown}
 L - a scroll of holy word {unknown}
Potions
 d - a potion of might
 f - a potion of magic {unknown}
 k - 2 potions of haste
 l - 6 potions of degeneration
 m - 2 potions of heal wounds
 n - 2 potions of brilliance
 s - 3 potions of curing
 v - 2 potions of lignification {unknown}
 B - a potion of flight {unknown}
 F - a potion of berserk rage {unknown}
 K - a potion of resistance {unknown}


   Skills:
 + Level 8.4 Fighting
 * Level 9.4 Axes
 + Level 7.0 Armour
 + Level 7.1 Shields


You had 9 spell levels left.
You didn't know any spells.
Your spell library contained the following spells:

 Spells                   Type           Power        Failure   Level
 Animate Skeleton         Necr           0%           98%         1
 Corona                   Hex            0%           98%         1
 Pain                     Necr           0%           98%         1
 Ensorcelled Hibernation  Hex/Ice        0%           99%         2
 Confusing Touch          Hex            0%           100%        3
 Dazzling Flash           Conj/Hex       0%           100%        3
 Tukima's Dance           Hex            0%           100%        3
 Vampiric Draining        Necr           0%           100%        3
 Animate Dead             Necr           0%           100%        4
 Agony                    Necr           0%           100%        5


Dungeon Overview and Level Annotations

Branches:
Dungeon (9/15)             Temple (1/1) D:5
   Lair: D:8-11         Orc: D:9-12

Altars:
Ashenzari
Cheibriados
Dithmenos
Elyvilon
Fedhas
Gozag
Hepliaklqana
Kikubaaqudgha
Makhleb
Nemelex Xobeh
Okawaru
Qazlal
Ru
Sif Muna
Trog
Uskayaw
Vehumet
Wu Jian
Xom
Yredelemnul
Zin
The Shining One


Innate Abilities, Weirdness & Mutations

You thrive by killing the living.
You are immune to poison.
You have sharp fingernails.
Your flesh is cold resistant. (rC+)
You are immune to negative energy. (rN+++)
You do not regenerate when monsters are visible.
You are immune to unholy pain and torment.
You can survive without breathing.


Message History

You closely miss the basilisk. You block the basilisk's attack.
You miss the basilisk.
You hit the komodo dragon but do no damage.
The basilisk gazes at you. You resist with some effort.
The komodo dragon bites you!
You barely miss the basilisk. You closely miss the komodo dragon.
You block the basilisk's attack.
The komodo dragon hisses menacingly.
The komodo dragon bites you!
You miss the basilisk.
You hit the komodo dragon but do no damage.
You block the basilisk's attack. The komodo dragon bites you!!
The basilisk bites you!
* * * LOW HITPOINT WARNING * * *
You block the komodo dragon's attack.
You are too injured to fight recklessly!
You are too injured to fight recklessly!
You are too injured to fight recklessly!
You are too injured to fight recklessly!
You are too injured to fight recklessly!
You are too injured to fight recklessly!
You are too injured to fight recklessly!
You are too injured to fight recklessly!
You are too injured to fight recklessly!
You are too injured to fight recklessly!
You are too injured to fight recklessly!
You are too injured to fight recklessly!
Unknown command.
The basilisk gazes at you.
You are slowing down.
Unknown command.
The basilisk gazes at you.
Your limbs have turned to stone.
You have turned to stone.
The komodo dragon hisses menacingly.
The komodo dragon bites you!
* * * LOW HITPOINT WARNING * * *
The komodo dragon bites you!
* * * LOW HITPOINT WARNING * * *
The komodo dragon bites you!
You die...

## #.##########
#...ll@....###
#........###...†.# ###
........####.###).####
#.### ...###.## ###
###(..###.... .# ##
####...#### ####.# ##


You could see a komodo dragon and a basilisk.

Vanquished Creatures
  Maggie (D:5)
  2 slime creatures
  A wyvern (D:8)
  6 yaks
  A basilisk (D:9)
  Duvessa (D:7)
  A water moccasin (D:5)
  An ice beast (D:8)
  2 orc warriors
  2 sky beasts
  3 ogres
  3 centaurs
  A phantom (D:9)
  A kobold brigand (D:7)
  Blork the orc (D:6)
  6 bullfrogs
  Dowan (D:7)
  3 scorpions
  8 killer bees
  5 wights
  A howler monkey (D:7)
  A quasit (D:6)
  6 hounds
  6 orc priests
  A jelly (D:5)
  3 bullfrog skeletons
  Crazy Yiuf (D:6)
  9 orc wizards
  2 iguanas
  8 worker ants
  Ijyb (D:3)
  2 hound zombies
  A howler monkey zombie (D:7)
  9 gnolls
  8 adders
  A white imp (D:5)
  2 ufetubi
  4 adder skeletons
  6 worms
  7 leopard geckos
  26 orcs
  6 giant cockroaches
  5 goblins
  7 hobgoblins
  11 jackals
  7 kobolds
  5 quokkas
  2 ball pythons
  8 bats
  3 frilled lizards
  2 jackal skeletons
  A jackal zombie (D:6)
  2 leopard gecko skeletons
  2 quokka skeletons (D:7)
  11 rats
227 creatures vanquished.

Vanquished Creatures (others)
  An orc wizard (D:6)
1 creature vanquished.

Grand Total: 228 creatures vanquished

Notes
Turn   | Place    | Note
-------+----------+-------------------------------------------
     0 | D:1      | Anon1729 the Ghoul Fighter began the quest for the Orb.
     0 | D:1      | Reached XP level 1. HP: 19/19 MP: 0/0
   127 | D:1      | Reached skill level 2 in Axes
   139 | D:1      | Reached XP level 2. HP: 26/26 MP: 1/1
   951 | D:2      | Reached XP level 3. HP: 31/31 MP: 2/2
  1046 | D:2      | HP: 1/31 [worm (7)]
  1625 | D:2      | Reached XP level 4. HP: 25/40 MP: 3/3
  1839 | D:2      | Found a snail-covered altar of Cheibriados.
  1944 | D:2      | Found an ornate altar of the Wu Jian Council.
  1982 | D:2      | Reached skill level 3 in Axes
  2231 | D:3      | Reached XP level 5. HP: 14/46 MP: 4/4
  2895 | D:3      | Found a hide-covered altar of Uskayaw.
  2949 | D:3      | Found a stormy altar of Qazlal.
  2951 | D:3      | Noticed a fire elemental
  2952 | D:3      | Noticed a water elemental
  2952 | D:3      | Noticed an air elemental
  3076 | D:3      | Found a white marble altar of Elyvilon.
  3103 | D:3      | Noticed Ijyb
  3115 | D:3      | Killed Ijyb
  3647 | D:4      | Reached XP level 6. HP: 52/52 MP: 5/5
  3842 | D:4      | Found a snail-covered altar of Cheibriados.
  4072 | D:4      | Reached skill level 4 in Axes
  4856 | D:5      | Entered Level 5 of the Dungeon
  4870 | D:5      | Found a glowing golden altar of the Shining One.
  4933 | D:5      | Noticed a sky beast
  4968 | D:5      | Killed a sky beast
  4969 | D:5      | Reached XP level 7. HP: 33/60 MP: 6/6
  5150 | D:5      | Identified the +9 short sword of Law {vorpal, MP-9 Int-3
                  | Dex+5 SInv}
  5480 | D:5      | Found a staircase to the Ecumenical Temple.
  5493 | D:5      | Reached skill level 5 in Fighting
  5504 | Temple   | Entered the Ecumenical Temple
  5805 | D:5      | Reached skill level 5 in Axes
  6177 | D:5      | Found an ancient bone altar of Kikubaaqudgha.
  6177 | D:5      | Found a hazy altar of Hepliaklqana.
  6202 | D:5      | Found a broken altar of Ashenzari.
  6210 | D:5      | Reached XP level 8. HP: 66/69 MP: 7/7
  6398 | D:5      | Found Utimes's Distillery.
  6448 | D:6      | Noticed Maggie
  6470 | D:5      | Killed Maggie
  6711 | D:5      | Reached skill level 6 in Axes
  6973 | D:5      | Reached skill level 5 in Shields
  7068 | D:6      | Reached skill level 5 in Armour
  7605 | D:6      | Found a sparkling altar of Nemelex Xobeh.
  7812 | D:6      | HP: 3/70 [orc/+0 morningstar (2)]
  8293 | D:6      | Reached XP level 9. HP: 58/77 MP: 8/8
  8790 | D:6      | Noticed Blork the orc
  8802 | D:6      | Killed Blork the orc
  9015 | D:6      | Found a shimmering blue altar of Sif Muna.
  9201 | D:6      | Found a runed translucent door.
  9202 | D:6      | Noticed Crazy Yiuf
  9215 | D:6      | Killed Crazy Yiuf
  9224 | D:6      | Identified the +1 mace "Zarghogowk" {drain, rF+ rN+ Str+4}
  9258 | D:7      | Reached skill level 7 in Axes
  9258 | D:7      | Noticed Duvessa
  9258 | D:7      | Noticed Dowan
 10610 | D:7      | Killed Duvessa
 10694 | D:7      | Killed Dowan
 11107 | D:8      | Reached skill level 8 in Axes
 11619 | D:8      | Reached XP level 10. HP: 80/86 MP: 9/9
 11870 | D:8      | Found a burning altar of Makhleb.
 11897 | D:8      | Became a worshipper of Makhleb the Destroyer
 13242 | D:8      | Reached skill level 9 in Axes
 13372 | D:8      | Reached * piety under Makhleb
 13805 | D:9      | Slain by a komodo dragon

Illustrated notes

Levels and vault maps discovered:
D:1:      ebering_hopf_link, layout_basic
D:2:      layout_rooms, nzn_wu_jian_contemplation, lemuel_altar_in_water
D:3:      layout_loops_ring, elyvilon_altar_5, eat_drink_and_be_merry_uskayaw,
          nicolae_qazlal_style_of_elements, uniq_ijyb
D:4:      layout_basic, chei_slow_surprise
D:5:      layout_basic, gammafunk_temple_overflow_elements, temple_fountains,
          basic_altar, serial_shops, nicolae_shop_waterfront, ashenzari_altar_1
D:6:      layout_cave_pools, nemelex_xobeh_ov_fountains_minmay, led_sif_book,
          uniq_maggie, uniq_crazy_yiuf_cottage, uniq_blork_the_orc
D:7:      layout_basic, uniq_duvessa
D:8:      layout_gridville, lemuel_doored_altar
D:9:      layout_loops_ring, erik_lair_dragon, basic_altar
Temple:   cyrus_circular_temple

Skill      XL: |  1  2  3  4  5  6  7  8  9 10 |
---------------+-------------------------------+-----
Axes           | 2 3 4 5 6 8 9 |  9.4
Shields        | 3 4 5 6 7 |  7.1
Armour         | 3 4 5 6 7 |  7.0
Fighting       | 4 5 6 7 8 |  8.4

Action                   |  1- 3 |  4- 6 |  7- 9 | 10-12 || total
-------------------------+-------+-------+-------+-------++-------
Melee: War axe           |   106 |   232 |       |       ||   338
       Broad axe         |       |       |   444 |   180 ||   624
       Short sword       |       |       |    10 |       ||    10
Evoke: Wand              |       |       |     7 |       ||     7
  Use: Potion            |       |       |     4 |     1 ||     5
 Stab: Petrified         |       |       |     5 |       ||     5
       Paralysed         |       |       |     8 |       ||     8
Armor: Scale mail        |    62 |   114 |   225 |    80 ||   481
Dodge: Dodged            |    37 |    83 |   169 |    63 ||   352
Block: Kite shield       |    57 |   127 |   289 |   121 ||   594

Table legend: (Time is in decaauts)
 A = Elapsed time spent in this place.
 B = Non-inter-level travel time spent in this place.
 C = Inter-level travel time spent in this place.
 D = Time resting spent in this place.
 E = Time spent auto-exploring this place.
 F = Levels seen in this place.
 G = Mean time per level.
                   A        B        C        D        E       F      G
               +--------+--------+--------+--------+--------+-----+--------+
         Total |  14290 |  13842 |    448 |   3650 |   7580 |  10 | 1429.0 |
       Dungeon |  14064 |  13631 |    433 |   3650 |   7381 |   9 | 1562.7 |
        Temple |    225 |    210 |     15 |      0 |    199 |   1 |  225.0 |
               +--------+--------+--------+--------+--------+-----+--------+

Top non-repeatable levels by time:
     D:6: 2613 daAuts
     D:5: 2444 daAuts
     D:8: 2240 daAuts
     D:1: 1593 daAuts
     D:4: 1458 daAuts
     D:7: 1165 daAuts
     D:2: 996 daAuts
     D:3: 988 daAuts
     D:9: 563 daAuts
  Temple: 225 daAuts
